 Dungeon Crawl Stone Soup version 0.24-a0-584-g9d6b971 (webtiles) character file.

Game seed: 10829867670886622116, levelgen mode: deterministic

74 Firecrotchwizard the Slasher (level 4, 0/38 HPs)
             Began as a Minotaur Gladiator on Sept 5, 2019.
             Succumbed to a scorpion's poison
             ... on level 2 of the Dungeon.
             The game lasted 00:02:31 (819 turns).

Firecrotchwizard the Slasher (Minotaur Gladiator)    Turns: 819, Time: 00:02:32

Health: 0/38       AC:  3    Str: 18    XL:     4   Next: 10%
Magic:  3/3        EV: 13    Int:  5    God:
Gold:   67         SH:  0    Dex: 13    Spells: 3/3 levels left

rFire    . . .     SeeInvis +   a - +0 long sword
rCold    . . .     Gourm    .   (no shield)
rNeg     . . .     Faith    .   b - +0 leather armour
rPois    .         Spirit   .   c - +0 hat
rElec    .         Reflect  .   (no cloak)
rCorr    .         Harm     .   (no gloves)
MR       .....                  (no boots)
Stlth    +.........             (no amulet)
HPRegen  0.12/turn              j - ring of see invisible {sInv, !d}
MPRegen  0.08/turn              (no ring)

@: lethally poisoned (0 -> -12)
A: retaliatory headbutt, horns 2
a: no special abilities


You were on level 2 of the Dungeon.
You were not hungry.

You visited 1 branch of the dungeon, and saw 2 of its levels.

You collected 67 gold pieces.

Inventory:

Hand Weapons
 a - a +0 long sword (weapon)
Missiles
 d - 3 throwing nets {=f, !d}
Armour
 b - a +0 leather armour (worn)
 c - a +0 hat (worn)
Jewellery
 j - a ring of see invisible (left hand) {sInv, !d}
   (You found it on level 2 of the Dungeon)
Scrolls
 e - a scroll of immolation {unknown}
 h - 4 scrolls of identify {unknown}
 k - a scroll of remove curse {unknown}
Comestibles
 f - 2 rations
 g - 4 chunks of flesh {@w0}


   Skills:
 + Level 3.3 Fighting
 * Level 5.0 Long Blades
 - Level 2.0 Throwing
 + Level 3.9 Dodging


You had 3 spell levels left.
You didn't know any spells.
Your spell library was empty.

Dungeon Overview and Level Annotations

Branches:
Dungeon (2/15)

Altars:


Innate Abilities, Weirdness & Mutations

You reflexively headbutt those who attack you in melee.
You have a pair of horns on your head.


Message History

The goblin hits you with a +0 dagger.
You take 2 damage, and have 23/25 hp.
You barely miss the goblin. Your headbutt misses the goblin.
The goblin misses you. The goblin hits you with a +0 dagger.
You take 1 damage, and have 22/25 hp.
You closely miss the goblin. You headbutt the goblin.
The goblin hits you but does no damage.
You hit the goblin.
You kill the goblin!
A kobold comes into view. It is wielding a +0 short sword.
The kobold shouts!
Things that are here:
a +0 dagger; a goblin corpse You barely miss the worm.
You headbutt the worm! You slash the worm! The worm bites you.
A kobold opens the door.
You take 1 damage, and have 21/25 hp.
You barely miss the worm. The worm barely misses you. You furiously retaliate!
You headbutt the worm.
You kill the worm!
The ooze jiggles.
The kobold throws a stone.
The stone closely misses you.
The kobold throws a stone.
The stone misses you.
The kobold throws a stone.
The stone closely misses you.
The kobold throws a stone.
The stone barely misses you.
The kobold throws a stone.
The stone closely misses you.
You barely miss the kobold. The kobold hits you but does no damage.
You miss the kobold. The kobold hits you but does no damage.
The kobold barely misses you.
You slash the kobold!
You kill the kobold!
Your Fighting skill increases to level 3!
You see here 9 gold pieces.
You see here 8 gold pieces.
There is an open door here.
Things that are here:
a cursed -3 club; a hobgoblin skeleton There's a creature in the doorway!
You closely miss the scorpion. Your headbutt misses the scorpion.
The scorpion stings you!
You take 7 damage, and have 17/26 hp.
MASSIVE DAMAGE!!
You hit the scorpion. The scorpion stings you.
You take 4 damage, and have 13/26 hp.
You hit the scorpion. Your headbutt misses the scorpion.
The scorpion closely misses you.
You riposte.
You closely miss the scorpion. Your headbutt misses the scorpion.
The scorpion barely misses you.
You barely miss the scorpion. Your headbutt misses the scorpion.
The scorpion stings you but does no damage.
You hit the scorpion but do no damage. The scorpion closely misses you.
You riposte.
You hit the scorpion.
You headbutt the scorpion, but do no damage.
You hit the scorpion. The scorpion stings you.
You are lethally poisoned!
The scorpion poisons you!
You take 4 damage, and have 9/26 hp.
You hit the scorpion but do no damage. Your headbutt misses the scorpion.
You feel sick. The scorpion stings you.
* * * LOW HITPOINT WARNING * * *
You are more poisoned.
The scorpion poisons you!
You take 2 damage, and have 7/26 hp.
You hit the scorpion.
You kill the scorpion!
Your Long Blades skill increases to level 5!
You have reached level 3!
Your experience leads to an increase in your attributes!
Increase (S)trength, (I)ntelligence, or (D)exterity?
You feel agile.
You have reached level 4!
You feel agile.
* * * LOW HITPOINT WARNING * * *
You feel sick.
MP restored: 3
There is a lethal amount of poison in your body!
It was a potion of cancellation.
You feel magically purged.
* * * LOW HITPOINT WARNING * * *
You feel sick.
You take 2 damage, and have 6/38 hp.
Okay, then.
* * * LOW HITPOINT WARNING * * *
You feel sick.
You see here a scorpion corpse.
You take 1 damage, and have 5/38 hp.
* * * LOW HITPOINT WARNING * * *
You feel sick.
Things that are here:
a cursed -3 club; a hobgoblin skeleton You take 1 damage, and have 4/38 hp.
* * * LOW HITPOINT WARNING * * *
You feel sick.
There is an open door here.
You take 2 damage, and have 2/38 hp.
* * * LOW HITPOINT WARNING * * *
You feel sick.
You see here 8 gold pieces.
* * * LOW HITPOINT WARNING * * *
You feel sick.
You see here 9 gold pieces.
You take 1 damage, and have 1/38 hp.
You die...

#..###.##.#.....###....
####.#.#.###.#..[.###.....
.....#..####.'...###.$...#
.............#..######'###
######.#####.#.###.#.....#
# #.# #.####..#.$?).# #
#.# #.###...).$.[.+ . ..#
#.##...)#..!..# ## ###
#†#..@..#.....#
##)#.$..####+###
#..'$(.###.....#
#..#..###.....##
#..#.###J....###
#..####.....###.
#..###.....###..
#...####+######
.........[....


You could see an ooze.

Vanquished Creatures
  A scorpion (D:2)
  A worm (D:2)
  A giant cockroach (D:1)
  4 goblins
  5 hobgoblins
  4 bats
  2 frilled lizards (D:1)
  2 kobolds
  A leopard gecko skeleton (D:2)
21 creatures vanquished.

Notes
Turn   | Place    | Note
-------+----------+-------------------------------------------
     0 | D:1      | Firecrotchwizard the Minotaur Gladiator began the quest for
                  | the Orb.
     0 | D:1      | Reached XP level 1. HP: 18/18 MP: 0/0
   217 | D:1      | Reached skill level 4 in Long Blades
   217 | D:1      | Reached XP level 2. HP: 25/25 MP: 1/1
   748 | D:2      | Noticed a scorpion
   796 | D:2      | Reached skill level 3 in Fighting
   812 | D:2      | Killed a scorpion
   812 | D:2      | Reached skill level 5 in Long Blades
   812 | D:2      | Reached XP level 3. HP: 8/31 MP: 2/2
   812 | D:2      | Reached XP level 4. HP: 10/38 MP: 3/3
   812 | D:2      | HP: 8/38 [poisoned by a scorpion]
   816 | D:2      | HP: 2/38 [poisoned by a scorpion]
   819 | D:2      | Succumbed to a scorpion's poison

Levels and vault maps discovered:
D:1:      scummos_arrival_checkerplants, layout_basic, minivault_19
D:2:      layout_loops_ring, lemuel_coloured_pillars_altar,
          nicolae_overflow_crystal_walls, minivault_27, minmay_quadrilaterals,
          uniq_natasha

Skill      XL: |  1  2 |
---------------+-------+-----
Long Blades    | 4 5 |  5.0
Fighting       | 3 |  3.3
Throwing       | |  2.0
Dodging        | |  3.9

Action                   |  1- 3 |  4- 6 || total
-------------------------+-------+-------++-------
Melee: Long sword        |    39 |       ||    39
       Headbutt          |     3 |       ||     3
  Use: Potion            |       |     1 ||     1
Armor: Leather armour    |    11 |       ||    11
Dodge: Dodged            |    26 |       ||    26
       Rpst.: Long sword |     6 |       ||     6

Table legend:
 A = Non-vault XP
 B = Vault XP
 C = Vault XP percentage of total XP
 D = Non-vault monster count
 E = Vault monster count
 F = Vault count percentage of total count
                 A         B        C        D         E       F
            +---------+---------+-------+---------+---------+-------
      Total |      28 |      79 |  73.8 |      17 |       4 |  19.0
            +---------+---------+-------+---------+---------+-------
        D:1 |      21 |       0 |   0.0 |      13 |       0 |   0.0
        D:2 |       7 |      79 |  91.9 |       4 |       4 |  50.0
            +---------+---------+-------+---------+---------+-------

Levels and vault maps discovered:
D:1:      scummos_arrival_checkerplants, layout_basic, minivault_19
D:2:      layout_loops_ring, lemuel_coloured_pillars_altar,
          nicolae_overflow_crystal_walls, minivault_27, minmay_quadrilaterals,
          uniq_natasha

Table legend:
 A = Turns spent in this place as a percentage of turns spent in the entire game.
 B = Non-inter-level travel turns spent in this place as a percentage of non-inter-level travel turns spent in the entire game.
 C = Inter-level travel turns spent in this place as a percentage of turns spent in this place.
 D = Turns resting spent in this place as a percentage of non-inter-level travel turns spent in this place.
 E = Turns spent auto-exploring this place as a percentage of non-inter-level travel turns spent in this place.
 F = Non-inter-level travel turns spent in this place divided by the number of levels of this place that you've seen.
                   A       B       C       D       E      F
               +-------+-------+-------+-------+-------+----------------------
         Total | 100.0 | 100.0 |   4.9 |   0.0 |  83.2 | 389.5
       Dungeon | 100.0 | 100.0 |   4.9 |   0.0 |  83.2 | 389.5
               +-------+-------+-------+-------+-------+----------------------

Table legend:
 A = Kills in this place as a percentage of kills in entire the game.
 B = Kills by you in this place as a percentage of kills by you in the entire game.
 C = Kills by friends in this place as a percentage of kills by friends in the entire game.
 D = Other kills in this place as a percentage of other kills in the entire game.
 E = Experience gained in this place as a percentage of experience gained in the entire game.
 F = Experience gained in this place divided by the number of levels of this place that you have seen.
                   A       B       C       D       E      F
               +-------+-------+-------+-------+-------+----------------------
         Total | 100.0 | 100.0 |   N/A |   N/A | 100.0 |  53.5
       Dungeon | 100.0 | 100.0 |   N/A |   N/A | 100.0 |  53.5
               +-------+-------+-------+-------+-------+----------------------
